 Dungeon Crawl Stone Soup version 0.31.0-11-ge490571c62 (webtiles) character file.

Game seed: 604814124150293949

203 Gadfly the Insei (level 5, -10/41 HPs)
             Began as a Demonspawn Monk on Feb 5, 2024.
             Mangled by an ogre
             ... wielding a +0 giant spiked club
              (21 damage)
             ... on level 4 of the Dungeon.
             The game lasted 00:04:10 (2237 turns).

Gadfly the Insei (Demonspawn Monk)                  Turns: 2237, Time: 00:04:11

Health: -10/41     AC:  2    Str: 13    XL:     5   Next: 51%
Magic:  5/5        EV: 13    Int: 10    God:
Gold:   219        SH:  0    Dex: 16    Spells: 1/4 levels left

rFire   . .          .
                       - Unarmed
rCold   . . .        (no shield)
rNeg    . . .        a - +0 robe
rPois   .            (no helmet)
rElec   .            (no cloak)
rCorr   .            (no gloves)
SInv    .            (no boots)
Will    .....        (no amulet)
Stlth   +            (no ring)
HPRegen 0.26/turn    (no ring)
MPRegen 0.09/turn

%: no passive effects
@: confused, lethally poisoned (-10 -> -12), ambrosia-drunk
A: powered by death 1, demonic touch 1
a: no special abilities


You were on level 4 of the Dungeon.
You visited 1 branch of the dungeon, and saw 4 of its levels.

You collected 219 gold pieces.

Inventory:

Missiles
 g - a throwing net (quivered)
Armour
 a - a +0 robe (worn)
 c - an orb of light
Jewellery
 h - a ring of ice
Talismans
 i - a flux talisman
 l - a maw talisman
Scrolls
 d - 2 scrolls of teleportation
 k - a scroll of identify
Potions
 b - a potion of ambrosia
 e - a potion of resistance
 f - a potion of lignification
 j - a potion of might


   Skills:
 - Level 3.0 Fighting
 + Level 3.2 Dodging
 * Level 3.8 Unarmed Combat
 * Level 2.7 Evocations
 * Level 2.0 Shapeshifting


You had one spell level left.
You knew the following spells:

 Your Spells              Type           Power      Damage    Failure   Level
a - Ozocubu's Armour      Ice            0%         N/A       75%         3

Your spell library contained the following spells:

 Spells                   Type           Power      Damage    Failure   Level
 Fugue of the Fallen      Necr           0%         N/A       75%         3
 Manifold Assault         Tloc           0%         N/A       98%         4


Dungeon Overview and Level Annotations

Branches:
Dungeon (4/15)
 Temple: D:4-7

Altars:


Innate Abilities, Weirdness & Mutations

You regenerate a little health from kills.
Your touch may inflict minor irresistible damage on your foes.


Message History

You open the door.
There is an open door here.
Found a ring mail.
There is an open door here.
An ogre comes into view. It is wielding a +0 giant spiked club.
A kobold comes into view.
It is wielding a +0 dagger and quivering poisoned darts.
Found 9 gold pieces and a leather armour.
The kobold shouts!
An endoplasm comes into view.
The kobold throws a poisoned dart.
The poisoned dart closely misses you.
There is an open door here.
The ogre shouts!
The endoplasm quivers.
The ogre hits you with a +0 giant spiked club!
You hit the ogre. Your touch misses the ogre.
The ogre is lightly wounded.
The kobold hits you but does no damage.
The kobold throws a poisoned dart.
The poisoned dart hits you!
You are poisoned.
You feel very sick.
The endoplasm attacks as it pursues you!
The endoplasm closely misses you.
There is an open door here.
You feel sick.
You hit the ogre. Your touch misses the ogre. You punch the ogre.
The ogre is moderately wounded.
You feel sick. The ogre barely misses you.
You hit the ogre.
The ogre is heavily wounded.
You feel sick.
The ogre hits you with a +0 giant spiked club!
* * * LOW HITPOINT WARNING * * *
You barely miss the ogre.
You touch the ogre!
The ogre is severely wounded.
You feel sick.
You are confused.
You feel invigorated.
You feel sick.
The ogre hits you with a +0 giant spiked club!!
Ouch! That really hurt!
You die...

##..######+#...
##..##........#
.....#........#
.....'........#
.....#........# #########
.....#.<......# #.......#
######........# #.#...#.#
# ...###########K......#
#......#........@OJ..$[..+
#......#.........#.......#
#......#.........#.#...#.#
#......#.........#.......#
#......######'############
#....................
#..............[.....
'....................
#....................


You could see an ogre, an endoplasm and a kobold.

Vanquished Creatures
  A hound (D:4)
  An orc wizard (D:3)
  2 adders (D:3)
  4 gnolls (D:3)
  An adder zombie (D:3)
  A dart slug (D:4)
  2 orcs
  11 ball pythons
  7 endoplasms
  2 giant cockroaches (D:1)
  6 goblins
  5 hobgoblins
  14 jackals
  9 kobolds
  3 quokkas
  2 bats
  3 frilled lizards
  6 rats
80 creatures vanquished.

Notes
Turn   | Place    | Note
-------+----------+-------------------------------------------
     0 | D:1      | Gadfly the Demonspawn Monk began the quest for the Orb.
     0 | D:1      | Reached XP level 1. HP: 18/18 MP: 1/1
   158 | D:1      | Gained mutation: You regenerate a little health from kills.
                  | [demonic ancestry]
   158 | D:1      | Reached XP level 2. HP: 24/24 MP: 2/2
   174 | D:1      | Reached skill level 1 in Evocations
   361 | D:1      | Reached XP level 3. HP: 21/29 MP: 3/3
   756 | D:1      | Reached skill level 1 in Shapeshifting
   880 | D:2      | Found a faded altar of an unknown god.
  1321 | D:3      | Discovered your monstrous ancestry.
  1321 | D:3      | Gained mutation: Your touch may inflict minor irresistible
                  | damage on your foes. [demonic ancestry]
  1321 | D:3      | Reached XP level 4. HP: 35/35 MP: 4/4
  1695 | D:3      | Reached XP level 5. HP: 29/41 MP: 5/5
  1860 | D:3      | Learned a level 3 spell: Ozocubu's Armour
  2225 | D:4      | Noticed an ogre
  2237 | D:4      | Mangled by an ogre

Illustrated notes

Levels and vault maps discovered:
D:1:      shiori_arrival_elements, layout_basic
D:2:      layout_rooms, ebering_ecumenical_altar_rust
D:3:      layout_basic, serial_undead, serial_undead_c, serial_undead_d,
          serial_undead_c, serial_undead_a, serial_undead_e,
          chequers_serial_rivers_small_b, serial_park_tiny_2
D:4:      layout_gridville, kennysheep_small_square, uniq_natasha

Skill      XL: |  1  2  3  4  5 |
---------------+----------------+-----
Evocations     | 1 2 |  2.7
Unarmed Combat | 3 |  3.8
Shapeshifting  | 1 2 |  2.0
Dodging        | 3 |  3.2
Fighting       | |  3.0

Action                     |  1- 3 |  4- 6 || total
---------------------------+-------+-------++-------
  Melee: Unarmed           |   148 |    93 ||   241
         Touch             |       |    16 ||    16
         Punch             |       |     2 ||     2
    Use: Scroll            |     4 |     3 ||     7
         Potion            |       |     2 ||     2
 Armour: Robe              |    79 |    38 ||   117
  Dodge: Dodged            |   138 |    69 ||   207
